AoeStats
← Bandit

African Clearing

510455801Analyzed
4v4 RM · 1d ago on Oct 1, 2026· 45m 23s· 8 players
Game mode
Random Map
Map size
Large (8 player)
Population
200
Speed
Normal
Resources
Standard
Victory
Conquest
Starting age
Dark Age
Ending age
Imperial Age
RankedLock teamsTeams togetherTeam positionsShared explorationLock speedFull tech treeHidden civsTurbo modeCheats
Victory
Defeat
🇵🇪 Vietnamese · Peru
1569
+9
🇦🇷 Tupi · Argentina
1556
+9
🇵🇪 Teutons · Peru
1429
+14
🇵🇪 Bulgarians · Peru
1371
+16
🇺🇸 Persians · United States
1494
-16
🇺🇸 Turks · United States
1403
-12
🇺🇸 Ethiopians · United States
1373
-11
🇺🇸 Mongols · United States
1322
-9
Eevee Queen
3:16 Loom
13:00 Feudal Age
17:28 Scale Barding Armor
18:12 Forging
25:08 Castle Age
25:01 Double-Bit Axe
26:29 Gold Mining
26:30 Stone Mining
27:14 Fletching
30:42 Bodkin Arrow
33:36 Horse Collar
35:00 Heavy Plow
36:40 Scale Mail Armor
38:24 Wheelbarrow
40:06 Gold Shaft Mining
42:42 Hand Cart
45:34 Imperial Age
45:27 Iron Casting
45:07 Chain Mail Armor
45:13 Chain Barding Armor
45:32 Ballistics
Meowth
11:50 Loom
14:18 Feudal Age
19:17 Castle Age
17:49 Double-Bit Axe
18:47 Horse Collar
19:01 Fishing Lines
20:50 Bow Saw
26:46 Scale Barding Armor
28:04 Wheelbarrow
29:12 Bloodlines
28:54 Gold Mining
30:00 Stone Mining
30:16 Heavy Plow
32:34 Chain Barding Armor
32:31 Hand Cart
34:20 Forging
39:38 Imperial Age
37:53 Stone Shaft Mining
38:29 Iron Casting
39:44 Cavalier
41:00 Plate Barding Armor
41:26 Two-Man Saw
40:57 Crop Rotation
42:38 Blast Furnace
42:13 Conscription
41:44 Fletching
42:18 Ballistics
43:39 Paladin
Teutonio
5:28 Loom
14:32 Feudal Age
18:19 Castle Age
16:06 Double-Bit Axe
18:16 Fletching
23:24 Bodkin Arrow
27:19 Ballistics
28:29 Horse Collar
29:33 Padded Archer Armor
31:22 Heavy Plow
34:27 Bow Saw
35:53 Wheelbarrow
35:10 Gold Mining
37:15 Hand Cart
39:40 Town Watch
40:51 Gold Shaft Mining
44:58 Imperial Age
42:31 Squires
42:16 Arson
42:33 Scale Mail Armor
43:22 Chain Mail Armor
43:05 Murder Holes
43:26 Forging
42:53 Pikeman
45:26 Iron Casting
46:17 Plate Mail Armor
JAKU
4:40 Loom
12:41 Feudal Age
13:15 Double-Bit Axe
18:13 Fletching
19:39 Gold Mining
26:13 Castle Age
26:08 Horse Collar
34:00 Stone Mining
34:47 Wheelbarrow
35:17 Bow Saw
34:49 Crossbowman
40:24 Imperial Age
38:42 Bodkin Arrow
41:27 Arbalester
42:50 Wheelbarrow
Bandit
7:24 Loom
14:35 Feudal Age
18:57 Castle Age
17:27 Horse Collar
19:14 Double-Bit Axe
22:41 Scale Barding Armor
30:33 Wheelbarrow
32:28 Chain Barding Armor
33:50 Husbandry
35:18 Gold Mining
35:39 Bow Saw
35:31 Heavy Plow
40:41 Imperial Age
38:27 Hand Cart
38:45 Forging
38:48 Bloodlines
38:42 Stone Mining
39:28 Gold Shaft Mining
38:48 Town Watch
40:15 Iron Casting
41:33 Plate Barding Armor
40:24 Cavalier
42:57 Blast Furnace
41:38 Capped Ram
44:17 Coinage
44:00 Pikeman
44:41 Squires
44:42 Scale Mail Armor
45:03 Halberdier
JROCK
15:13 Feudal Age
18:48 Castle Age
20:11 Loom
21:50 Double-Bit Axe
27:18 Bow Saw
28:27 Scale Mail Armor
37:09 Gold Mining
39:02 Horse Collar
The_Wanker
5:34 Loom
11:45 Feudal Age
31:34 Castle Age
30:46 Fletching
izohc8ik
16:39 Feudal Age
14:58 Loom
18:15 Horse Collar
20:56 Castle Age
23:28 Fletching
23:39 Padded Archer Armor
33:16 Double-Bit Axe
33:16 Horse Collar
36:56 Ballistics
38:09 Bodkin Arrow
41:04 Town Watch
41:57 Wheelbarrow
41:07 Town Watch
44:10 Heavy Plow
45:18 Leather Archer Armor
Connection lost

Rejoining the realm…

Still unreachable

The connection could not be restored.

Session expired

The server has moved on; the page needs a fresh start.